 Dungeon Crawl Stone Soup version 0.30-a0-166-g5d06c95188 (webtiles) character file.

Game seed: 1770714070760342501

15 qw the Shield-Bearer (level 2, -2/19 HPs)
             Began as a Gargoyle Fighter on Sept 28, 2022.
             Slain by an orc priest
             ... wielding a +0 morningstar
              (9 damage)
             ... on level 2 of the Dungeon.
             The game lasted 00:00:14 (1034 turns).

qw the Shield-Bearer (Gargoyle Fighter)             Turns: 1034, Time: 00:00:14

Health: -2/19      AC: 10    Str: 22    XL:     2   Next: 50%
Magic:  2/2        EV:  9    Int:  8    God:
Gold:   91         SH:  4    Dex:  9    Spells: 1/1 levels left

rFire   . . .      SeeInvis .    Y - +0 war axe
rCold   . . .      Faith    .    c - +0 buckler
rNeg    + . .      Spirit   .    b - +0 scale mail
rPois   inf        Reflect  .    (no helmet)
rElec   +          Harm     .    (no cloak)
rCorr   .          Rampage  .    a - +0 pair of gloves "Juesmid" {+Blink Str+3}
Will    .....                    (no boots)
Stlth   ..........               (no amulet)
HPRegen 0.06/turn                (no ring)
MPRegen 0.08/turn                (no ring)

@: no status effects
A: sickness immunity, AC +2, negative energy resistance 1, electricity
resistance, torment resistance 1, petrification resistance
a: Evoke Blink


You were on level 2 of the Dungeon.
You visited 1 branch of the dungeon, and saw 2 of its levels.

You collected 91 gold pieces.


Innate Abilities, Weirdness & Mutations

You are immune to sickness and miasma.
Your stone body is resilient. (AC +2)
You are immune to poison.
You resist negative energy. (rN+)
You are resistant to electric shocks. (rElec)
You are resistant to unholy torment.
You are immune to petrification.


   Skills:
 - Level 3.2 Fighting
 + Level 2.7 Axes
 - Level 3.2 Armour
 - Level 3.2 Shields


You had one spell level left.
You didn't know any spells.
Your spell library was empty.

Inventory:

Hand Weapons
 m - a +0 club
 Y - a +0 war axe (weapon)
Missiles
 k - 3 javelins (quivered)
Armour
 a - the +0 pair of gloves "Juesmid" (worn) {+Blink Str+3}
   (You acquired it on level 1 of the Dungeon)

   Str:       It affects your strength (+3).
   +Blink:    It lets you blink.
 b - a +0 scale mail (worn)
 c - a +0 buckler (worn)
Scrolls
 f - a scroll of amnesia {unknown}
 h - a scroll of teleportation {unknown}
Potions
 d - a potion of might
 e - a potion of curing
 g - a potion of degeneration {unknown}
 i - a potion of haste {unknown}
 o - a potion of lignification {unknown}

Dungeon Overview and Level Annotations

Branches:
Dungeon (2/15)

Altars:


Message History

You closely miss the orc wizard. You closely miss the orc.
The orc hits you with a +0 club.
An orc priest comes into view. It is wielding a +0 morningstar.
The orc priest shouts!
You hit the orc wizard.
The orc wizard is moderately wounded.
You hit the orc. You block the orc's attack.
The orc wizard hits you but does no damage.
You completely miss the orc.
The orc is severely wounded.
You slash the orc wizard! You slash the orc!
You kill the orc!
The orc closely misses you.
The orc priest mumbles some strange prayers to Beogh against you.
You barely resist.
The orc wizard hits you but does no damage.
The orc wizard gestures wildly while chanting.
The orc wizard flickers and vanishes!
Deactivating autopickup; reactivate with Ctrl-A.
You block the orc's attack.
You hit the orc.
You kill the orc!
You hit something. Something hits you but does no damage.
You hit the orc priest but do no damage.
You miss something.
An orc comes into view. It is wielding a +0 dagger.
The orc priest hits you with a +0 morningstar!
You block something's attack. x2; The orc priest barely misses you.
You hit the orc priest.
The orc priest is lightly wounded.
You miss something.
The orc priest hits you with a +0 morningstar.
Something hits you but does no damage.
You hit the orc priest but do no damage.
The orc priest is lightly wounded.
You miss something.
The orc priest hits you with a +0 morningstar!
You die...

........... ###.###...
. #.# ###.####...# #.#
...........# #.#
###.######### #.# #
#.# ##....# #.#
###.###.....## #.#
.....#.......###{#####
###.............@oo.?#
#..#.......####)##.#
###..##.....## .#
.....###...## .#
###..# ##.## .# #..#
#.# .# #..# #.. .#
#..# . .#


You could see an orc priest and an orc.

Vanquished Creatures
  2 orcs (D:2)
  2 ball pythons (D:1)
  A hobgoblin (D:1)
  5 bats
  3 goblins (D:1)
  2 rats (D:1)
15 creatures vanquished.

Notes
Turn   | Place    | Note
-------+----------+-------------------------------------------
     0 | D:1      | qw the Gargoyle Fighter began the quest for the Orb.
     0 | D:1      | Reached XP level 1. HP: 14/14 MP: 1/1
     0 | D:1      | 0 ||| qw: Version: 0.2-a-12-gaebbb33
     0 | D:1      | 0 ||| qw: Game counter: 943
     0 | D:1      | 0 ||| qw: Always use a shield: true
     0 | D:1      | 0 ||| qw: God list: Okawaru
     0 | D:1      | 0 ||| qw: Allow faded altars: false
     0 | D:1      | 0 ||| qw: Do Orc after D:15 true
     0 | D:1      | 0 ||| qw: Do second Lair branch before Depths: true
     0 | D:1      | 0 ||| qw: Lair rune preference: random
     0 | D:1      | 0 ||| qw: Plans: Normal, Zot:1-4, God:TSO, Crypt, Tomb,
                  | Pan, Slime:5, Hells, Abyss, Orb
     0 | D:1      | 0 ||| PLANNING D:1-11
   357 | D:1      | Found a faded altar of an unknown god.
   752 | D:1      | Reached XP level 2. HP: 19/19 MP: 2/2
   928 | D:1      | 928 ||| READING scroll labelled EPLUCRURRIU.
   929 | D:1      | 929 ||| READING scroll labelled KUWKEM WEHEMME.
   930 | D:1      | 930 ||| READING scroll labelled JUSMAO ROSIK.
   931 | D:1      | 931 ||| READING scroll labelled KIVAENOILU.
   931 | D:1      | Identified a scroll of acquirement
   931 | D:1      | 931 ||| ACQUIRING +0 pair of gloves "Juesmid" {+Blink
                  | Str+3}
   931 | D:1      | Acquired the +0 pair of gloves "Juesmid" {+Blink Str+3}
   933 | D:1      | 933 ||| UPGRADING to +0 pair of gloves "Juesmid" {+Blink
                  | Str+3}.
   938 | D:1      | 938 ||| READING scroll labelled LOBREBO QAREF.
   939 | D:1      | 939 ||| DRINKING 2 coppery potions.
  1034 | D:2      | Slain by an orc priest

Levels and vault maps discovered:
D:1:      minmay_arrival_split_and_join, layout_loops_corners,
          hellmonk_ecumenical_altar_zigzags, dreamdust_wishing_well
D:2:      layout_loops_ring, serial_shops, shop_statue, uniq_natasha

Skill      XL: |  1 |
---------------+----+-----
Axes           | 2 |  2.7
Fighting       | |  3.2
Armour         | |  3.2
Shields        | |  3.2

Action                   || total
-------------------------++-------
Melee: War axe           ||    33
Throw: Javelin           ||     9
  Use: Scroll            ||     5
       Potion            ||     1
Armor: Scale mail        ||    21
Dodge: Dodged            ||    17
Block: Buckler           ||     8

Table legend:
 A = Non-vault XP
 B = Vault XP
 C = Vault XP percentage of total XP
 D = Non-vault monster count
 E = Vault monster count
 F = Vault count percentage of total count
                 A         B        C        D         E       F
            +---------+---------+-------+---------+---------+-------
      Total |      22 |       0 |   0.0 |      15 |       0 |   0.0
            +---------+---------+-------+---------+---------+-------
        D:1 |      15 |       0 |   0.0 |      12 |       0 |   0.0
        D:2 |       7 |       0 |   0.0 |       3 |       0 |   0.0
            +---------+---------+-------+---------+---------+-------
